 Dungeon Crawl Stone Soup version 0.29.0-4-gdea44cf6ec (webtiles) character file.

Game seed: 4364798076810012363

95 voltaire321 the Ducker (level 4, -1/34 HPs)
             Began as a Merfolk Artificer on Aug 27, 2022.
             Succumbed to a gnoll's poison
             ... on level 2 of the Dungeon.
             The game lasted 00:03:59 (1794 turns).

voltaire321 the Ducker (Merfolk Artificer)          Turns: 1794, Time: 00:03:59

Health: -1/34      AC:  4    Str: 12    XL:     4   Next: 65%
Magic:  4/4        EV: 13    Int: 10    God:
Gold:   170        SH:  0    Dex: 16    Spells: 3/3 levels left

rFire   . . .      SeeInvis +   h - +2 dagger (venom)
rCold   + . .      Faith    .   (no shield)
rNeg    . . .      Spirit   .   l - +0 leather armour {rC+}
rPois   .          Reflect  .   (no helmet)
rElec   .          Harm     .   (no cloak)
rCorr   .          Rampage  .   f - +0 pair of gloves
Will    +....                   (no boots)
Stlth   ++........              m - amulet of regeneration
HPRegen 0.91/turn               i - ring of see invisible
MPRegen 0.09/turn               q - ring of willpower

@: lethally poisoned (-1 -> -13), flying
A: (nimble swimmer 2), mertail
a: no special abilities


You were on level 2 of the Dungeon.
You visited 1 branch of the dungeon, and saw 2 of its levels.

You collected 170 gold pieces.

Inventory:

Hand Weapons
 h - a +2 dagger of venom (weapon)
Armour
 f - a +0 pair of gloves (worn)
 l - a +0 leather armour of cold resistance (worn)
Jewellery
 i - a ring of see invisible (left hand)
 m - an amulet of regeneration (around neck)
 q - a ring of willpower (right hand)
Wands
 c - a wand of flame (15) (quivered)
 d - a wand of charming (15)
 e - a wand of iceblast (5)
Scrolls
 a - 2 scrolls of identify {unknown}
 b - a scroll of enchant armour {unknown}
 g - 3 scrolls of enchant weapon {unknown}
 n - a scroll of torment {unknown}
 o - a scroll of summoning {unknown}
 p - a scroll of magic mapping {unknown}
Potions
 k - a potion of mutation {unknown}


   Skills:
 + Level 2.3 Fighting
 + Level 1.6 Armour
 + Level 3.9 Dodging
 - Level 1.1 Stealth
 + Level 3.6 Evocations


You had 3 spell levels left.
You didn't know any spells.
Your spell library was empty.

Dungeon Overview and Level Annotations

Branches:
Dungeon (2/15)

Altars:
Hepliaklqana


Innate Abilities, Weirdness & Mutations

((You are very nimble when in or above water. (Stealth+, EV+, Speed+++)))
Your lower body shifts to a powerful aquatic tail in water.


Message History

You feel sick. The gnoll closely misses you. x2
You hit the gnoll.
The gnoll looks as sick as possible!
The gnoll is heavily wounded.
You feel sick. The gnoll hits you with a +0 flail.
* * * LOW HITPOINT WARNING * * *
The gnoll misses you.
You barely miss the gnoll.
The gnoll is severely wounded.
You feel sick.
You kill the gnoll!
The gnoll barely misses you.
You feel sick.
You feel sick.
You are no longer poisoned.
The gnoll completely misses you.
The gnoll hits you with a +0 spear of venom.
You are poisoned.
You hit the gnoll.
The gnoll is poisoned.
The gnoll is moderately wounded.
You feel very sick.
The gnoll hits you with a +0 spear of venom.
You are more poisoned.
You closely miss the gnoll.
The gnoll is moderately wounded.
You feel very sick.
The gnoll hits you with a +0 spear of venom.
You are lethally poisoned!
You hit the gnoll.
The gnoll looks as sick as possible!
The gnoll is heavily wounded.
* * * LOW HITPOINT WARNING * * *
You feel extremely sick. The gnoll misses you.
You hit the gnoll.
You kill the gnoll!
* * * LOW HITPOINT WARNING * * *
You feel very sick.
It was a potion of flight.
You feel very buoyant.
You fly up into the air.
You die...

#.# #.# ##### #.# ....# #.# ....#
#.# ###### ....# #.# #.....
....#########.##############.....
....'....|...................._..
...†####.......)@................
#.### #.####.#########.###......
#.# #..# #.#.....†............
#.# #.## #g#.#######.#######.#
#.# ... #.#.................# #.#
.### #.#####...#.#########
#.#..### #.# #...#.# # †.......#
#.# #...#.# # .##.###.# #.#
#...#.# #


There were no monsters in sight!

Vanquished Creatures
  3 gnolls (D:2)
  An adder (D:2)
  A worm (D:2)
  3 dart slugs (D:2)
  5 ball pythons
  An endoplasm (D:2)
  3 giant cockroaches
  9 goblins
  A hobgoblin (D:2)
  2 jackals (D:2)
  3 quokkas
  3 bats
  4 frilled lizards
  3 kobolds (D:1)
  8 rats
50 creatures vanquished.

Notes
Turn   | Place    | Note
-------+----------+-------------------------------------------
     0 | D:1      | voltaire321 the Merfolk Artificer began the quest for the
                  | Orb.
     0 | D:1      | Reached XP level 1. HP: 15/15 MP: 1/1
   262 | D:1      | Reached XP level 2. HP: 14/21 MP: 2/2
   550 | D:1      | Reached skill level 1 in Armour
   964 | D:2      | Reached XP level 3. HP: 20/27 MP: 3/3
  1211 | D:2      | Found a hazy altar of Hepliaklqana.
  1377 | D:2      | Reached XP level 4. HP: 33/33 MP: 4/4
  1794 | D:2      | Succumbed to a gnoll's poison

Illustrated notes

Levels and vault maps discovered:
D:1:      roderic_octagonal_star, layout_basic, hex_large, hex_tiny,
          minmay_misc_feat_plants
D:2:      layout_basic, basic_altar, dreamdust_wishing_well,
          minmay_fountain_box, minmay_pentomino_x2

Skill      XL: |  1  2  3 |
---------------+----------+-----
Dodging        | 3 |  3.9
Armour         | 1 |  1.6
Fighting       | 2 |  2.3
Stealth        | |  1.1
Evocations     | |  3.6

Action                   |  1- 3 |  4- 6 || total
-------------------------+-------+-------++-------
Melee: Club              |    21 |       ||    21
       Dagger            |    70 |    24 ||    94
       Punch             |     3 |       ||     3
  Use: Potion            |       |     1 ||     1
 Stab: Sleeping          |     2 |       ||     2
Armor: Leather armour    |    25 |     1 ||    26
Dodge: Dodged            |    54 |    18 ||    72
